 Dungeon Crawl Stone Soup version 0.17-a0-2127-g1cb09f6 (console) character file.

364801 brucemayne the Executioner (level 21, -10/176 HPs)
             Began as a Demonspawn Berserker on Oct 23, 2015.
             Was an Elder of Trog.
             Splashed with acid (11 damage)
             ... on level 4 of the Pits of Slime.
             The game lasted 02:34:29 (16961 turns).

brucemayne the Executioner (Demonspawn Berserker)  Turns: 16961, Time: 02:34:30

Health: -10/176    AC: 34    Str: 21    XL:     21   Next: 22%
Magic:  0/34       EV: 19    Int: 10    God:    Trog [****..]
Gold:   1539       SH:  0    Dex: 17    Spells: 0 memorised, 20 levels left

rFire  . . .     SeeInvis +     a - +6 battleaxe (flame)
rCold  . . .     Clarity  .     C - +3 pearl dragon armour
rNeg   + . .     SustAt   .     (no shield)
rPois  .         Gourm    .     (helmet unavailable)
rElec  .         Spirit   +     D - +0 cloak
rCorr  .         Warding  .     (no gloves)
rMut   .         Stasis   .     b - +0 pair of boots
MR     +....                    K - amulet of rage
Stlth  ..........               s - +3 ring of protection
                                d - ring of magical power

@: confused, somewhat resistant to hostile enchantments, extremely unstealthy
A: antennae 3, rough black scales 3, agile 1, robust 1, spiny 3, magic shield,
magic regeneration, magic link
a: Berserk, Trog's Hand, Brothers in Arms, Burn Spellbooks, Renounce Religion,
Evoke Berserk Rage
}: 3/15 runes: serpentine, barnacled, silver


You were on level 4 of the Pits of Slime.
You worshipped Trog.
Trog was greatly pleased with you.
You were not hungry.

You visited 8 branches of the dungeon, and saw 44 of its levels.
You also visited: Ossuary and Bailey.

You collected 2423 gold pieces.
You spent 884 gold pieces at shops.

Inventory:

Hand Weapons
 a - a +6 battleaxe of flaming (weapon)
 i - a +7 antimagic executioner's axe
 W - the +3 battleaxe of Ykyettuote {chop, rElec Str-2 Int+6}
   (Trog gifted it to you on level 7 of the Lair of Beasts)

   It inflicts extra damage upon your enemies.
   It affects your strength (-2).
   It affects your intelligence (+6).
   It insulates you from electricity.
Missiles
 Y - 3 tomahawks of dispersal (quivered)
Armour
 b - a +0 pair of boots (worn)
 C - a +3 pearl dragon armour (worn)
 D - a +0 cloak (worn)
Jewellery
 d - a ring of magical power (left hand)
 f - the amulet "Redduj" {Inacc rC+ MP+9 Str-3 SInv}
   (You found it on level 2 of the Shoals)

   [amulet of inaccuracy]

   It reduces the accuracy of all your attacks.
   It affects your strength (-3).
   It protects you from cold.
   It affects your magic capacity (+9).
   It lets you see invisible.
 s - a +3 ring of protection (right hand)
 x - an uncursed ring of protection from fire
 A - a +2 ring of evasion
 K - an amulet of rage (around neck)
 U - an uncursed ring of protection from cold
Wands
 g - a wand of digging (14)
 E - a wand of invisibility (3)
 H - a wand of digging (9)
 J - a wand of digging (14)
 L - a wand of heal wounds (6)
 S - a wand of paralysis (20)
 T - a wand of cold (6)
Scrolls
 l - 9 scrolls of remove curse
 z - 4 scrolls of fear
Potions
 e - 3 potions of cancellation
 j - a potion of might
 m - 8 potions of curing
 o - a potion of heal wounds
 p - 3 potions of lignification
 q - 3 potions of haste
 u - a potion of berserk rage
 M - a potion of ambrosia
 Q - 2 potions of magic
 X - a potion of resistance {unknown}
Miscellaneous
 v - a sack of spiders
Comestibles
 c - 4 bread rations
 I - 18 royal jellies
 R - 2 meat rations


   Skills:
 - Level 12.4 Fighting
 - Level 24.2 Axes
 - Level 12.2 Armour
 - Level 13.9 Dodging
 + Level 6.3 Evocations


You had 20 spell levels left.
You didn't know any spells.

Dungeon Overview and Level Annotations

Branches:
Dungeon (14/15)            Temple (1/1) D:7            Lair (8/8) D:8
 Shoals (4/4) Lair:4        Snake (4/4) Lair:4        Slime (4/6) Lair:6
    Orc (4/4) D:12         Vaults (5/5) D:13
    Elf: Orc:3-4      Crypt: Vaults:2-3

Altars:
Ashenzari
Cheibriados
Dithmenos
Elyvilon
Fedhas
Gozag
Kikubaaqudgha
Makhleb
Nemelex Xobeh
Okawaru
Qazlal
Ru
Trog
Vehumet
Xom
Yredelemnul
Zin
The Shining One
Jiyva

Shops:
D:5 (   D:9 (=!%(   Orc:4 %!**   Shoals:3 (   Snake:4 *

Portals:
Hell: Lair:8

Annotations:
D:9 exclusion: 2 upstairs
Lair:7 exclusion: downstairs
Lair:8 exclusion: 2 oklob plants, Rupert
Shoals:2 exclusion: upstairs
Shoals:4 Ilsuiw
Snake:3 exclusion: upstairs


Innate Abilities, Weirdness & Mutations

You have a pair of large antennae on your head (SInv).
You are completely covered in rough black scales (AC +10, Dex -3).
You are robust (+10% HP).
You are completely covered in sharp spines.
When hurt, damage is shared between your health and your magic reserves.
You regenerate magic rapidly.
When low on magic, you restore magic in place of health.
You are agile. (Dex +2)


Message History

The great orb of eyes bites you but does no damage.
The walls burn you!
* * * LOW HITPOINT WARNING * * *
The great orb of eyes gazes at you.
You feel your power leaking away. The walls burn you!
* * * LOW HITPOINT WARNING * * *
The great orb of eyes bites you.
* * * LOW HITPOINT WARNING * * *
The walls burn you!
* * * LOW HITPOINT WARNING * * *
The great orb of eyes gazes at you.
You are confused.
You can move again.
You chop the great orb of eyes into pieces!!!
You burn the great orb of eyes.
You kill the great orb of eyes!
Trog accepts your kill. The walls burn you!
You die...

.. ...
...... ..
.. ......<.
....
........
.#.
........ ..
........
.#........
##.#.......
#.@........
##.........
#..<....#..
##...>.....
#..........
##.#.......
###...##..
#..# . ...


There were no monsters in sight!

Vanquished Creatures
  An ancient lich (Vaults:5)
  3 golden dragons (Vaults:5)
  2 liches (Vaults:5)
  A tentacled monstrosity (Vaults:5)
  7 titans (Vaults:5)
  2 quicksilver dragons (Vaults:5)
  3 acid blobs
  2 sphinxes
  Gastronok (Orc:2)
  A shadow dragon (Vaults:5)
  2 storm dragons (Vaults:5)
  3 tengu reavers (Vaults:5)
  9 greater nagas
  An azure jelly (Slime:2)
  12 vault wardens
  2 frost giants
  3 fire giants
  A deep elf sorcerer (Vaults:5)
  9 ironheart preservers
  A war gargoyle (Vaults:5)
  3 very ugly things (Vaults:5)
  6 stone giants
  2 deep elf annihilators (Vaults:5)
  A dire elephant (Lair:8)
  A merfolk javelineer (Shoals:1)
  Snorg (Lair:8)
  30 vault guards
  4 ettins
  3 deep elf death magi
  Erolcha (D:11)
  2 merfolk impalers (Shoals:4)
  Josephine (Lair:4)
  10 yaktaur captains
  2 great orbs of eyes
  Fannar (D:10)
  14 naga warriors
  A hell beast (Lair:8)
  10 hydras
  3 large abominations (Vaults:5)
  2 centaur warriors
  6 ogre magi
  A deep troll shaman (Vaults:5)
  5 anacondas
  3 merfolk aquamancers (Shoals:1)
  2 dancing weapons (Vaults:5)
  3 orc high priests
  A deep elf knight (Vaults:2)
  9 shock serpents
  22 death yaks
  4 salamander mystics
  9 naga sharpshooters
  5 skeletal warriors (Vaults:2)
  A shadow wraith (Vaults:4)
  13 sea snakes
  5 deep trolls (Vaults:5)
  A sea snake (shapeshifter) (Vaults:5)
  3 naga ritualists
  A flayed ghost (Vaults:4)
  A death drake (shapeshifter) (Vaults:4)
  6 ironbrand convokers
  5 harpies
  6 phantasmal warriors (Vaults:5)
  3 deep elf conjurers
  9 orc knights
  An ugly thing (Vaults:2)
  7 salamanders
  4 griffons
  5 hill giants
  A lindwurm (Lair:7)
  3 manticores
  2 orc sorcerers
  5 mana vipers
  2 wizards
  5 cyclopes
  3 hornets
  2 wolf spiders
  A harpy (shapeshifter) (Vaults:2)
  4 water nymphs
  A necromancer (Vaults:4)
  16 elephants
  An eye of devastation (Slime:3)
  6 guardian serpents
  15 naga magi
  8 vault sentinels
  2 torpor snails
  14 black mambas
  A gargoyle (D:13)
  6 spiny frogs
  5 orange demons (Lair:8)
  A komodo dragon (shapeshifter) (Vaults:5)
  5 komodo dragons
  A red devil (Lair:8)
  22 yaktaurs
  A jumping spider (Vaults:5)
  4 blue devils (Lair:8)
  4 trolls
  4 freezing wraiths
  A hellwing (Lair:8)
  3 fire drakes
  A tengu conjurer (D:8)
  12 two-headed ogres
  A wind drake (Shoals:2)
  9 blink frogs
  6 merfolk
  A queen bee (Lair:5)
  3 boulder beetles
  9 slime creatures
  3 snapping turtles
  5 deep elf magi
  2 redbacks (Vaults:5)
  A redback (shapeshifter) (Vaults:5)
  A wyvern (shapeshifter) (Vaults:5)
  24 yaks
  A wyvern (D:8)
  A hog (shapeshifter) (Vaults:2)
  A water elemental (Shoals:4)
  3 wraiths (Lair:4)
  A tarantella (Vaults:5)
  A fire bat (Shoals:4)
  A yak (shapeshifter) (Vaults:5)
  11 hippogriffs
  2 deep elf fighters
  A yaktaur simulacrum (Vaults:3)
  Grum (D:8)
  A hippogriff (shapeshifter) (Vaults:2)
  A human (shapeshifter) (Vaults:4)
  2 basilisks
  4 wargs
  2 mottled dragons (Vaults:2)
  A soldier ant (D:11)
  42 nagas
  8 porcupines
  4 vampire mosquitoes (Vaults:2)
  8 water moccasins
  19 wolves
  A wasp (D:8)
  30 orc warriors
  A sky beast (D:9)
  A spider (shapeshifter) (Vaults:5)
  3 centaurs
  A black bear (Lair:1)
  22 ogres
  A boggart (shapeshifter) (Vaults:5)
  2 phantoms
  15 crocodiles
  18 giant frogs
  A scorpion (D:10)
  A water moccasin zombie (Ossuary)
  A wyvern skeleton (D:6)
  9 jellies
  18 killer bees
  3 electric eels
  A bog body (Ossuary)
  A centaur zombie (Ossuary)
  7 crimson imps
  4 hounds
  28 orc priests
  2 giant frog skeletons
  Natasha (D:2)
  3 iguanas
  41 orc wizards
  A worker ant (shapeshifter) (Vaults:5)
  6 worker ants
  31 sheep
  A hound zombie (Ossuary)
  3 mummies (Ossuary)
  A hound skeleton (D:8)
  A worker ant zombie (Ossuary)
  55 river rats
  13 gnolls (Bailey)
  A shadow imp (D:11)
  10 adders
  5 oozes (D:8)
  A worm (D:3)
  4 giant geckos
  149 orcs
  5 goblins
  15 hobgoblins
  4 jackals (D:9)
  A giant gecko skeleton (D:4)
  A giant newt (D:6)
  A jackal zombie (Ossuary)
  9 kobolds (Bailey)
  3 quokkas
  A quokka zombie (D:8)
  A rat (D:2)
  5 fungi
  5 plants
1197 creatures vanquished.

Vanquished Creatures (collateral kills)
  A war gargoyle (Vaults:5)
  4 merfolk javelineers (Shoals:4)
  A yaktaur captain (Vaults:5)
  A vault guard (Vaults:5)
  A deep elf high priest (Vaults:5)
  3 merfolk aquamancers (Shoals:4)
  An alligator snapping turtle (Shoals:4)
  2 orc high priests (Orc:4)
  A sea snake (Shoals:4)
  6 orc knights
  A griffon (Shoals:4)
  A water nymph (Shoals:4)
  2 manticores (Shoals:2)
  A siren (Shoals:2)
  2 yaktaurs (Vaults:5)
  2 merfolk
  A boulder beetle (Vaults:5)
  A snapping turtle (Lair:4)
  A water elemental (Shoals:2)
  9 orc warriors (Orc:4)
  7 orc priests (Orc:4)
  2 river rats (Lair:4)
  6 orcs
57 creatures vanquished.

Vanquished Creatures (others)
  A large abomination (Vaults:5)
  A vault guard (Vaults:5)
  An ironbrand convoker (Vaults:2)
  A vault sentinel (Vaults:2)
  A black mamba (Snake:3)
  A giant frog skeleton (D:11)
  An orc (D:11)
  5 fungi
  9 plants
21 creatures vanquished.

Grand Total: 1275 creatures vanquished

Notes
Turn   | Place    | Note
--------------------------------------------------------------
     0 | D:1      | brucemayne the Demonspawn Berserker began the quest for the Orb.
     0 | D:1      | Reached XP level 1. HP: 18/18 MP: 1/1
    67 | D:2      | Gained mutation: You are partially covered in rough black scales (AC +4, Dex -1). [demonic ancestry]
    67 | D:2      | Reached XP level 2. HP: 22/24 MP: 2/2
   143 | D:2      | Noticed Natasha
   148 | D:2      | Killed Natasha
   148 | D:2      | Reached skill level 4 in Axes
   148 | D:2      | Gained mutation: When hurt, damage is shared between your health and your magic reserves. [demonic ancestry]
   148 | D:2      | Reached XP level 3. HP: 29/29 MP: 3/3
   312 | D:4      | Gained mutation: You have a pair of small antennae on your head. [demonic ancestry]
   312 | D:4      | Reached XP level 4. HP: 31/35 MP: 4/4
   368 | D:4      | Reached skill level 5 in Axes
   370 | D:4      | Reached XP level 5. HP: 41/41 MP: 5/5
   451 | D:5      | Entered Level 5 of the Dungeon
   457 | D:5      | Found a sand-covered staircase.
   462 | Ossuary  | Entered an ossuary
   524 | Ossuary  | Reached skill level 6 in Axes
   592 | Ossuary  | Gained mutation: You are partially covered in sharp spines. [demonic ancestry]
   592 | Ossuary  | Reached XP level 6. HP: 33/47 MP: 6/6
   657 | D:5      | Found Lihoacra's Antique Weapon Emporium.
   726 | D:6      | Reached skill level 7 in Axes
   826 | D:6      | Gained mutation: You are mostly covered in rough black scales (AC +7, Dex -2). [demonic ancestry]
   826 | D:6      | Reached XP level 7. HP: 24/52 MP: 7/7
   976 | D:6      | Reached ** piety under Trog
   983 | D:6      | Reached skill level 8 in Axes
  1179 | D:7      | Reached XP level 8. HP: 47/58 MP: 8/8
  1193 | D:7      | Reached skill level 9 in Axes
  1221 | D:7      | Found a staircase to the Ecumenical Temple.
  1230 | Temple   | Entered the Ecumenical Temple
  1398 | D:8      | Noticed Grum
  1416 | D:8      | Killed Grum
  1522 | D:8      | Reached skill level 10 in Axes
  1526 | D:8      | Gained mutation: You are mostly covered in sharp spines. [demonic ancestry]
  1526 | D:8      | Reached XP level 9. HP: 49/65 MP: 9/9
  1572 | D:8      | Noticed a hill giant
  1572 | D:8      | Noticed a troll
  1590 | D:8      | Killed a hill giant
  1590 | D:8      | Reached skill level 5 in Fighting
  1599 | D:8      | Killed a troll
  1600 | D:8      | Noticed a tengu conjurer
  1639 | D:9      | Noticed a two-headed ogre
  1658 | D:9      | Killed a two-headed ogre
  1675 | D:9      | Reached skill level 11 in Axes
  1695 | D:9      | Found Paine's Antique Weapon Shoppe.
  1715 | D:10     | Entered Level 10 of the Dungeon
  1777 | D:9      | Found Inuin's Weapon Emporium.
  1786 | D:9      | Noticed a troll
  1800 | D:9      | Killed a troll
  1848 | D:9      | Reached *** piety under Trog
  1874 | D:9      | Got an ancient ring mail
  1915 | D:8      | Found a staircase to the Lair.
  1998 | D:8      | Gained mutation: You regenerate magic rapidly. [demonic ancestry]
  1998 | D:8      | Reached XP level 10. HP: 71/76 MP: 10/10
  2010 | D:8      | Noticed a troll
  2041 | D:8      | Killed a troll
  2064 | D:8      | Noticed an eight-headed hydra
  2140 | D:9      | Found a snail-covered altar of Cheibriados.
  2141 | D:9      | Found a stormy altar of Qazlal.
  2142 | D:9      | Found an opulent altar of Gozag.
  2142 | D:9      | Found a bloodstained altar of Trog.
  2152 | D:9      | Found a shadowy altar of Dithmenos.
  2152 | D:9      | Found a shimmering altar of Xom.
  2155 | D:9      | Found an ancient bone altar of Kikubaaqudgha.
  2166 | D:9      | Reached skill level 12 in Axes
  2179 | D:9      | Found Xacudaesho's Distillery.
  2191 | D:9      | Bought a potion of might for 56 gold pieces
  2200 | D:9      | Found Jeulayvet's Jewellery Emporium.
  2211 | D:9      | Found Quaff's Food Boutique.
  2359 | D:8      | Killed a tengu conjurer
  2526 | D:11     | Noticed a cyclops
  2556 | D:11     | Killed a cyclops
  2615 | D:11     | Reached **** piety under Trog
  2633 | D:11     | Reached skill level 13 in Axes
  2643 | D:11     | wizardvault
  2707 | D:10     | Noticed Fannar
  2751 | D:10     | Killed Fannar
  2854 | D:11     | Noticed Erolcha
  2869 | D:11     | Killed Erolcha
  2869 | D:11     | Gained mutation: When low on magic, you restore magic in place of health. [demonic ancestry]
  2869 | D:11     | Reached XP level 11. HP: 77/81 MP: 11/11
  2989 | D:11     | Reached skill level 14 in Axes
  3111 | D:11     | Noticed a cyclops
  3304 | D:12     | Found a staircase to the Orcish Mines.
  3310 | D:12     | Noticed a hill giant
  3326 | D:12     | Killed a hill giant
  3367 | Orc:1    | Entered Level 1 of the Orcish Mines
  3383 | Orc:1    | Noticed an ice devil
  3410 | Orc:1    | Received a gift from Trog
  3479 | Orc:1    | Reached skill level 15 in Axes
  3637 | Orc:2    | Reached ***** piety under Trog
  3674 | Orc:2    | Noticed Gastronok
  3689 | Orc:2    | Killed Gastronok
  3840 | Orc:3    | Found a flagged portal.
  3852 | Bailey   | Entered a bailey
  4088 | Orc:4    | Entered Level 4 of the Orcish Mines
  4316 | Orc:4    | Received a gift from Trog
  4316 | Orc:4    | Reached skill level 16 in Axes
  4397 | Orc:4    | Gained mutation: You are completely covered in rough black scales (AC +10, Dex -3). [demonic ancestry]
  4397 | Orc:4    | Reached XP level 12. HP: 88/88 MP: 12/12
  4454 | Orc:4    | Reached ****** piety under Trog
  4511 | Orc:4    | Noticed an orc high priest
  4519 | Orc:4    | Killed an orc high priest
  4534 | Orc:4    | Noticed an orc high priest
  4541 | Orc:4    | Reached skill level 5 in Armour
  4542 | Orc:4    | Noticed an orc high priest
  4581 | Orc:4    | Killed an orc high priest
  4600 | Orc:4    | Noticed an orc high priest
  4758 | Orc:3    | Killed an orc high priest
  4758 | Orc:3    | Received a gift from Trog
  4775 | Orc:4    | Reached skill level 5 in Dodging
  4848 | Orc:4    | Killed an orc high priest
  4912 | Orc:4    | Noticed an orc high priest
  4933 | Orc:4    | Killed an orc high priest
  4950 | Orc:4    | Found Sueq Paiv's Distillery.
  4950 | Orc:4    | Found Icrum's Food Shop.
  4951 | Orc:4    | Found Hoixuho's Assorted Antiques.
  4951 | Orc:4    | Found Fomualut's General Store.
  4963 | Orc:4    | Bought a scroll of identify for 28 gold pieces
  4966 | Orc:4    | Bought a potion of agility for 52 gold pieces
  4966 | Orc:4    | Bought a potion of heal wounds for 65 gold pieces
  4966 | Orc:4    | Bought a potion of heal wounds for 65 gold pieces
  4966 | Orc:4    | Bought a potion of curing for 39 gold pieces
  4967 | Orc:4    | Bought a scroll of identify for 54 gold pieces
  4967 | Orc:4    | Bought a cyan potion for 24 gold pieces
  5160 | D:12     | Noticed a hill giant
  5191 | D:12     | Killed a hill giant
  5393 | Lair:1   | Entered Level 1 of the Lair of Beasts
  5453 | Lair:1   | Identified the cursed +1 ring mail of Fufasith {rC+++} (You found it on level 9 of the Dungeon)
  5943 | Lair:3   | Received a gift from Trog
  6008 | Lair:4   | Found a staircase to the Snake Pit.
  6040 | Lair:5   | Reached XP level 13. HP: 85/93 MP: 13/13
  6065 | Lair:4   | Noticed Josephine
  6085 | Lair:4   | Killed Josephine
  6159 | Lair:4   | Found a staircase to the Shoals.
  6280 | Lair:4   | Noticed a six-headed hydra
  6291 | Lair:4   | Killed a 13-headed hydra
  6414 | Lair:5   | Noticed a six-headed hydra
  6431 | Lair:5   | Killed a 14-headed hydra
  6620 | Lair:5   | Received a gift from Trog
  6665 | Lair:8   | Entered Level 8 of the Lair of Beasts
  6859 | Lair:7   | Gained mutation: You have a pair of antennae on your head. [demonic ancestry]
  6859 | Lair:7   | Reached XP level 14. HP: 85/106 MP: 14/14
  6925 | Lair:8   | Received a gift from Trog
  7060 | Lair:8   | Found a labyrinth entrance.
  7270 | Lair:8   | Noticed Snorg
  7280 | Lair:8   | Killed Snorg
  7291 | Lair:8   | Reached skill level 17 in Axes
  7304 | Lair:8   | Found a burning altar of Makhleb.
  7391 | Lair:8   | Reached skill level 10 in Fighting
  7519 | Lair:8   | Found a gateway to Hell.
  7547 | Lair:8   | Noticed a dire elephant
  7569 | Lair:8   | Killed a dire elephant
  7656 | Lair:8   | Noticed Rupert
  7802 | Lair:7   | Received a gift from Trog
  7814 | Lair:7   | Got a warped battleaxe {god gift}
  7820 | Lair:7   | Identified the +3 battleaxe of Ykyettuote {chop, rElec Str-2 Int+6} (Trog gifted it to you on level 7 of the Lair of Beasts)
  7902 | Lair:6   | Found a viscous altar of Jiyva.
  7902 | Lair:6   | Found a staircase to the Slime Pits.
  8133 | Shoals:1 | Entered Level 1 of the Shoals
  8193 | Shoals:2 | Got a bound iron amulet
  8197 | Shoals:2 | Identified the amulet "Redduj" {Inacc rC+ MP+9 Str-3 SInv} (You found it on level 2 of the Shoals)
  8276 | Shoals:1 | Reached skill level 18 in Axes
  8483 | Shoals:2 | You fall through a shaft!
  8542 | Shoals:3 | Found Pyidgheu's Weapon Emporium.
  8545 | Shoals:3 | Reached XP level 15. HP: 90/117 MP: 15/15
  8761 | Shoals:4 | Entered Level 4 of the Shoals
  8768 | Shoals:4 | Noticed Ilsuiw
  9135 | Shoals:4 | Received a gift from Trog
  9151 | Shoals:4 | Reached skill level 19 in Axes
  9166 | Shoals:4 | Got a barnacled rune of Zot
  9474 | D:8      | Killed a three-headed hydra
  9669 | D:13     | Found a gate to the Vaults.
  9694 | Vaults:1 | Entered Level 1 of the Vaults
  9874 | Vaults:2 | Received a gift from Trog
  9999 | Vaults:2 | Reached skill level 20 in Axes
 10114 | Vaults:2 | Reached skill level 1 in Evocations
 10336 | Vaults:2 | Reached XP level 16. HP: 67/124 MP: 17/17
 10728 | Vaults:4 | Reached skill level 10 in Dodging
 10790 | Vaults:4 | Received a gift from Trog
 10899 | Vaults:4 | Reached skill level 10 in Armour
 11259 | Vaults:5 | Entered Level 5 of the Vaults
 11259 | Vaults:5 | Noticed a titan
 11433 | Vaults:5 | Reached XP level 17. HP: 92/135 MP: 13/20
 11434 | Vaults:5 | Noticed a titan
 11434 | Vaults:5 | Noticed a titan
 11451 | Vaults:5 | Killed a titan
 11454 | Vaults:5 | Killed a titan
 11455 | Vaults:5 | Noticed an ancient lich
 11476 | Vaults:5 | Killed an ancient lich
 11477 | Vaults:5 | Noticed a lich
 11488 | Vaults:5 | Killed a lich
 11669 | Vaults:5 | Noticed a golden dragon
 11678 | Vaults:5 | Noticed a titan
 11680 | Vaults:5 | Noticed a titan
 11686 | Vaults:5 | Killed a golden dragon
 11694 | Vaults:5 | Killed a titan
 11700 | Vaults:5 | Killed a titan
 11749 | Vaults:5 | Reached skill level 21 in Axes
 11779 | Vaults:5 | Reached XP level 18. HP: 65/141 MP: 14/21
 11807 | Vaults:5 | Got a bloodstained fire dragon armour
 11825 | Vaults:5 | Identified the +4 fire dragon armour of Jurghush {rF++ rC- Int+6} (You took it off a vault warden on level 5 of the Vaults)
 11898 | Vaults:5 | Noticed a quicksilver dragon
 11925 | Vaults:5 | Killed a quicksilver dragon
 12009 | Vaults:5 | Noticed a golden dragon
 12031 | Vaults:5 | Killed a golden dragon
 12068 | Vaults:5 | Got a ring of the Octopus King
 12081 | Vaults:5 | Got a silver rune of Zot
 12124 | Vaults:5 | Noticed a quicksilver dragon
 12138 | Vaults:5 | Killed a quicksilver dragon
 12237 | Vaults:5 | Reached skill level 22 in Axes
 12263 | Vaults:5 | Paralysed by a yaktaur for 6 turns
 12340 | Vaults:5 | Identified a ring of the Octopus King {SustAt AC+1 EV+1 Str+1 Int+1 Dex+1} (You took it off a yaktaur captain on level 5 of the Vaults)
 12413 | Vaults:5 | Noticed a tentacled monstrosity
 12432 | Vaults:5 | Killed a tentacled monstrosity
 12442 | Vaults:5 | Got a steaming plate armour
 12463 | Vaults:5 | Received a gift from Trog
 12476 | Vaults:5 | Identified the cursed +1 plate armour of Tartarus {+Fly} (You found it on level 5 of the Vaults)
 12533 | Vaults:5 | Noticed a titan
 12564 | Vaults:5 | Killed a titan
 12595 | Vaults:5 | Killed a titan
 12611 | Vaults:5 | Noticed a lich
 12625 | Vaults:5 | Killed a lich
 12626 | Vaults:5 | Noticed a golden dragon
 12637 | Vaults:5 | Killed a golden dragon
 12829 | Vaults:5 | Got a blackened chain mail
 12884 | Vaults:5 | Noticed a titan
 12898 | Vaults:5 | Killed a titan
 13212 | Vaults:5 | Reached skill level 23 in Axes
 13215 | Vaults:5 | Gained mutation: You are completely covered in sharp spines. [demonic ancestry]
 13215 | Vaults:5 | Reached XP level 19. HP: 81/147 MP: 19/22
 13571 | Vaults:2 | Found a glowing golden altar of the Shining One.
 13882 | D:13     | Identified the cursed +0 chain mail of the Three Seas {*Contam rF+ MP+9 Dex+4} (You took it off a vault guard on level 5 of the Vaults)
 13898 | D:13     | Gained mutation: You are agile. (Dex +2) [mutagenic glow]
 14364 | Snake:1  | Entered Level 1 of the Snake Pit
 14686 | Snake:4  | Entered Level 4 of the Snake Pit
 14893 | Snake:3  | Received a gift from Trog
 15233 | Snake:4  | Reached skill level 24 in Axes
 15541 | Snake:4  | Found Zuose's General Store.
 15549 | Snake:4  | Bought a scroll of identify for 34 gold pieces
 15549 | Snake:4  | Bought a scroll of enchant weapon for 127 gold pieces
 15549 | Snake:4  | Bought a wand of cold (6) for 340 gold pieces
 16179 | Snake:4  | Gained mutation: You have a pair of large antennae on your head (SInv). [demonic ancestry]
 16179 | Snake:4  | Reached XP level 20. HP: 63/154 MP: 12/23
 16256 | Snake:4  | Got a serpentine rune of Zot
 16394 | Snake:2  | Received a gift from Trog
 16654 | Lair:6   | Gained mutation: You are robust (+10% HP). [demonic ancestry]
 16654 | Lair:6   | Reached XP level 21. HP: 115/176 MP: 24/24
 16655 | Lair:6   | ITS THIS ONE RIGHT HERE.
 16664 | Slime:1  | Entered Level 1 of the Pits of Slime
 16768 | Slime:2  | Reached skill level 5 in Evocations
 16954 | Slime:4  | Paralysed by a great orb of eyes for 7 turns
 16960 | Slime:4  | HP: 1/176 [acid (23)]
 16961 | Slime:4  | Splashed with acid

Vault maps used:
D:1:      dpeg_arrival_pits, evilmike_ruin_ashenzari
D:2:      uniq_natasha, uniq_crazy_yiuf_cottage, uniq_sigmund
D:4:      first_bread, hex_intersection
D:5:      serial_shops, shop, enter_ossuary_5
D:7:      minmay_temple_entry_junction
D:8:      hangedman_cross_cluster, lair_0_dummy, hangedman_little_slice_of_home,
          uniq_grum
D:9:      grunt_temple_overflow_open, serial_shops, kennysheep_mini_moat, shop,
          nicolae_shop_statue_plus, shop, shop, st_stairs_7,
          hangedman_abyss_or_decor_clamps, item_on_display_a
D:10:     uniq_fannar
D:11:     evilmike_library_of_no_secrets, st_stairs_9,
          kennysheep_generic_room_5, uniq_erolcha
D:12:     erik_orc_4
D:13:     evilmike_diamond_2, david_vaults_4
D:14:     serial_park_gazebo, serial_shops, shop
Temple:   triangle_lava_temple_12
Lair:1:   infiniplex_staircase_pool
Lair:2:   minivault_23
Lair:4:   minmay_shoals_entry_hut, minmay_snake_entry_spellcaster,
          beast_lair_carwin_1, uniq_harold, uniq_josephine
Lair:5:   special_room, serial_bayou_pond_a
Lair:6:   dpeg_slime_entry_enclosed_altar, grunt_forest_large_clearings,
          serial_bayou_shore_a, grunt_megastairs_3
Lair:7:   st_stairs_5, grunt_megastairs_2
Lair:8:   evil_forest, lab_entry_generic, zaba_antful_of_joy, uniq_rupert,
          uniq_snorg
Shoals:1: nicolae_shoals_circle_sea_wall, nicolae_shoals_aquamancer_cove
Shoals:2: nicolae_shoals_square_sea_wall
Shoals:3: serial_shops, shop, st_sunken_temple, uniq_nikola
Shoals:4: shoals_end_simple, shoals_ilsuiw_alternative, hangedman_shoal_volcano
Snake:1:  serial_bayou_shore_b, uniq_frances
Snake:2:  serial_shops, nicolae_shop_waterfront, st_stairs_13,
          nicolae_snake_shapes, serial_bayou_shore_b, basic_stair_grate_trap
Snake:3:  st_stairs_6, hangedman_snake_pattern, serial_bayou_pond_c,
          guppyfry_library_mini
Snake:4:  grunt_snake_rune_pools, serial_shops, nicolae_shop_statue_plus,
          st_stairs_13
Slime:1:  nicolae_slime_barrier
Slime:2:  cheibrodos_slime_lost_civilization_5, uniq_dissolution
Slime:3:  cheibrodos_slime_lost_civilization_4
Slime:4:  cheibrodos_slime_lost_civilization_6
Orc:2:    portal_ice_cave_entry_imps, uniq_gastronok
Orc:3:    basic_altar, serial_shops, shop, shop, shop, enter_bailey_3,
          nicolae_orc_pool_cavern
Orc:4:    st_orc_pillars, basic_altar, uniq_nessos
Vaults:1: nicolae_vaults_angled_halls, v_misc_32, ontoclasm_vaults_spin,
          vaults_room_fancy_cross, v_misc_16, v_rooms_5, hangedman_vaults_locks,
          grunt_vaults_swirl, vaults_room_hallway,
          nicolae_vaults_three_branches, nicolae_vaults_little_squares_4
Vaults:2: vaults_mumra_lcd, ontoclasm_vaults_gateway, vaults_mumra_hex,
          v_misc_15, vaults_room_semicircle, nicolae_vaults_little_squares_1,
          minmay_crypt_entry_necro_gods, v_misc_11,
          nicolae_vaults_ring_of_whatevers, hangedman_vaults_cutoff,
          vaults_dpeg_encased_lava, basic_altar
Vaults:3: vaults_standard_mumra_lines, vaults_standard_mumra_x, v_misc_1,
          v_misc_30, ontoclasm_vaults_chip, v_misc_30,
          hangedman_vaults_corner_blocks, vaults_room_pools,
          ontoclasm_vaults_pinch, vaults_room_octagon
Vaults:4: st_smaller_cells, vaults_room_corners, vaults_mumra_hexcomb,
          nicolae_vaults_ninety_degrees, hangedman_vaults_stitches,
          nicolae_vaults_little_squares_4, hangedman_vaults_snaps, v_misc_23,
          ontoclasm_vaults_shuriken, grunt_vaults_hallway_short
Ossuary:  ossuary_zaba_flooded
Bailey:   bailey_axe_2, bailey

Action                   |  1- 3 |  4- 6 |  7- 9 | 10-12 | 13-15 | 16-18 | 19-21 || total
-------------------------+-------+-------+-------+-------+-------+-------+-------++-------
Melee: Hand axe          |    55 |    83 |   252 |    61 |       |       |       ||   451
       War axe           |       |       |       |   584 |    30 |       |       ||   614
       Battleaxe         |       |       |       |   152 |   930 |   726 |   637 ||  2445
       Executioner's axe |       |       |       |       |    71 |   129 |    34 ||   234
Invok: Berserk           |     2 |     3 |     3 |     8 |     7 |     5 |     4 ||    32
       Trog's Hand       |       |       |     4 |    19 |    15 |    32 |    32 ||   102
       Brothers in Arms  |       |       |       |     7 |     4 |     4 |       ||    15
 Abil: Evoke Flight      |       |       |       |       |     3 |       |       ||     3
Evoke: Wand              |       |       |       |     6 |     3 |    20 |     3 ||    32
  Use: Scroll            |       |       |     1 |    16 |    12 |     9 |    11 ||    49
       Potion            |       |       |       |     1 |    10 |    12 |     5 ||    28
 Stab: Distracted        |       |       |       |     1 |     4 |       |     1 ||     6
  Eat: Chunk             |       |     2 |     6 |    20 |    25 |    18 |     8 ||    79
       Bread ration      |       |     1 |       |       |       |       |     1 ||     2
       Meat ration       |       |       |       |     1 |       |       |       ||     1
       Beef jerky        |       |       |       |     1 |     1 |     2 |       ||     4
       Fruit             |       |       |       |       |     1 |       |       ||     1
       Royal jelly       |       |       |       |       |       |     1 |     3 ||     4
       Pizza             |       |       |       |       |       |       |     3 ||     3
